 Dungeon Crawl Stone Soup version 0.29-a0-1030-gf5f8719cae (webtiles) character file.

Game seed: 10762737988222145103

2215 arseassassin2 the Frost Mage (level 9, -6/56 (57) HPs)
             Began as a Barachi Ice Elementalist on Aug 14, 2022.
             Was a Believer of Uskayaw.
             Mangled by Maggie
             ... wielding a +0 war axe of electrocution
              (16 damage)
             ... on level 7 of the Dungeon.
             The game lasted 00:22:33 (9189 turns).

arseassassin2 the Frost Mage (BaIE)                 Turns: 9189, Time: 00:22:33

HP:   -6/56 (57)    AC: 14    Str: 10    XL:     9   Next: 35%
MP:   12/15         EV: 10    Int: 16    God:    Uskayaw [**....]
Gold: 347           SH:  0    Dex: 16    Spells: 9/16 levels left

rFire   . . .      SeeInvis .   b - +0 sling
rCold   . . .      Faith    .   (no shield)
rNeg    . . .      Spirit   .   h - +0 ring mail
rPois   +          Reflect  .   w - +1 hat
rElec   .          Harm     .   (no cloak)
rCorr   .          Rampage  .   o - +0 pair of gloves
Will    .....                   t - +2 pair of boots
Stlth   +.........              q - amulet of magic regeneration
HPRegen 0.18/turn               k - ring of poison resistance
MPRegen 0.54/turn               (no ring)

@: ice-armoured, mesmerised, lightly drained, slow
A: amphibious, slowness 1, strong legs 1, +LOS
a: Hop, Renounce Religion, Stomp, Line Pass


You were on level 7 of the Dungeon.
You worshipped Uskayaw.
Uskayaw was noncommittal.
You visited 2 branches of the dungeon, and saw 9 of its levels.
You also visited: Sewer.

You collected 347 gold pieces.

Inventory:

Hand Weapons
 a - a +4 dagger of draining
   (You took it off Ijyb on level 5 of the Dungeon)
 b - a +0 sling (weapon)
   (You found it on level 3 of the Dungeon)
 i - a +0 dagger
   (You took it off a kobold on level 2 of the Dungeon)
 p - a +0 vorpal falchion
   (You found it on level 3 of the Dungeon)
Missiles
 l - a throwing net {!f}
Armour
 h - a +0 ring mail (worn)
   (You found it on level 2 of the Dungeon)
 m - a +2 helmet
   (You found it on level 1 of the Dungeon)
 o - a +0 pair of gloves (worn)
   (You found it on level 3 of the Dungeon)
 t - a +2 pair of boots (worn)
   (You found it on level 6 of the Dungeon)
 u - a +0 pair of boots
   (You found it on level 6 of the Dungeon)
 w - a +1 hat (worn)
   (You found it on level 8 of the Dungeon)
Jewellery
 k - a ring of poison resistance (left hand)
   (You found it on level 2 of the Dungeon)
 q - an amulet of magic regeneration (around neck)
   (You found it on level 6 of the Dungeon)
Scrolls
 c - 5 scrolls of acquirement
 d - 19 scrolls of butterflies
Potions
 e - 2 potions of berserk rage
 f - 4 potions of haste {@q3}
 g - a potion of lignification {!q}
 j - 3 potions of curing {@q1}
 n - a potion of flight
 r - 2 potions of mutation {!q}
 s - 3 potions of heal wounds {@q2}
 v - 2 potions of magic


   Skills:
 + Level 6.6 Ranged Weapons
 - Level 2.1 Dodging
 - Level 1.7 Stealth
 - Level 4.1 Spellcasting
 + Level 10.4 Ice Magic
 + Level 4.8 Invocations


You had 9 spell levels left.
You knew the following spells:

 Your Spells              Type           Power      Damage    Failure   Level
a - Freeze                Ice            100%       1d11      1%          1
b - Frozen Ramparts       Ice            72%        1d11      1%          3
c - Ozocubu's Armour      Ice            36%        N/A       1%          3

Your spell library contained the following spells:

 Spells                   Type           Power      Damage    Failure   Level
 Ensorcelled Hibernation  Hex/Ice        38%        N/A       8%          2
 Apportation              Tloc           6%         N/A       41%         1
 Beastly Appendage        Tmut           6%         N/A       41%         1
 Hailstorm                Conj/Ice       19%        3d6       45%         4
 Blink                    Tloc           6%         N/A       54%         2
 Wereblood                Tmut           3%         N/A       54%         2
 Call Canine Familiar     Summ           3%         N/A       78%         3
 Gell's Gravitas          Tloc           3%         N/A       78%         3
 Lesser Beckoning         Tloc           3%         N/A       78%         3
 Portal Projectile        Hex/Tloc       6%         N/A       78%         3
 Spider Form              Tmut/Pois      3%         N/A       78%         3
 Teleport Other           Tloc           3%         N/A       78%         3
 Metabolic Englaciation   Hex/Ice        9%         N/A       82%         5
 Anguish                  Hex/Necr       1%         N/A       99%         4
 Leda's Liquefaction      Hex/Erth       1%         N/A       99%         4
 Petrify                  Tmut/Erth      3%         N/A       99%         4
 Summon Forest            Summ/Tloc      1%         N/A       100%        5
 Statue Form              Tmut/Erth      2%         N/A       100%        6
 Malign Gateway           Summ/Tloc      1%         N/A       100%        7


Dungeon Overview and Level Annotations

Branches:
Dungeon (8/15)             Temple (1/1) D:4           Sewer (visited)
   Lair: D:8-11

Altars:
Ashenzari
Cheibriados
Dithmenos
Elyvilon
Gozag
Hepliaklqana
Makhleb
Nemelex Xobeh
Okawaru
Ru
Sif Muna
Trog
Uskayaw
Vehumet
Xom
Yredelemnul

Annotations:
D:3 Sigmund
D:6 1 runed translucent door
D:7 Maggie


Innate Abilities, Weirdness & Mutations

You are amphibious.
You cover ground slowly.
You can hop short distances.
You have an extended range of vision and can be seen from far away.


Message History

The sling bullet hits the white imp but does no damage.
The ufetubus completely resists.
The wall freezes the ufetubus but does no damage.
The white imp resists.
The wall freezes the white imp.
The white imp gestures at you. The puff of frost misses you.
The wall freezes Maggie.
The ufetubus resists.
The wall freezes the ufetubus.
You kill the ufetubus!
The wall freezes Maggie but does no damage.
The wall freezes the white imp but does no damage.
The white imp hits you but does no damage.
You can now pass through a line of other dancers.
You shoot a sling bullet. The sling bullet hits the white imp.
The wall freezes the white imp but does no damage.
The wall freezes Maggie.
The white imp resists.
The wall freezes the white imp.
The white imp gestures at you. The puff of frost hits you.
You shoot a sling bullet. The sling bullet hits the white imp.
You kill the white imp!
The white imp completely resists.
The wall freezes the white imp but does no damage.
The wall freezes Maggie but does no damage.
You shoot a sling bullet. The sling bullet barely misses Maggie.
The sling bullet hits the white imp but does no damage.
The wall freezes the white imp but does no damage.
The wall freezes Maggie!
Maggie hits you but does no damage.
You shoot a sling bullet.
The sling bullet hits Maggie but does no damage.
The frozen ramparts melt away.
The white imp sputters.
Maggie hits you with a +0 war axe of electrocution!
You are electrocuted!
* * * LOW HITPOINT WARNING * * *
Maggie hits you with a +0 war axe of electrocution!
* * * LOW HITPOINT WARNING * * *
Unknown command.
Unknown command.
Unknown command.
Unknown command.
Unknown command.
Unknown command.
Unknown command.
Unknown command.
Unknown command.
Okay, then.
You stomp with the beat, sending a shockwave through the revellers around you!
Maggie hits you with a +0 war axe of electrocution.
* * * LOW HITPOINT WARNING * * *
You are electrocuted!
You die...

#§≈.≈§#...# #≈≈.≈§#...# #.
#§._.≈#...# #.### ##
#≈≈.≈≈#...### #.#.. .#
#≈≈.≈≈#...... #.#.####.##
#####'###...... #.#.PP....
#..............
#.#..≈≈P############.#........
#.#.P≈≈....5@@.......#........
#.#.§..P#.###########.........
#.........# #.#.......
###.####### #.#...(... #)#
#.#..<.... #.........
#.#....... ..........
#.#....... ##.........
#.#....... .......5..
#.##.....#


You could see Maggie (mesmerising) and a white imp.

Vanquished Creatures
  A wyvern (D:7)
  2 water moccasins (D:5)
  A sky beast (D:7)
  2 ice beasts
  A black bear (D:6)
  An ogre (D:6)
  2 centaurs
  4 kobold brigands
  3 necrophages
  An electric eel (D:7)
  A jelly (D:4)
  A hound (D:4)
  A human zombie (D:6)
  3 orc priests
  Ijyb (D:5)
  Natasha (twice) (D:3)
  2 iguanas
  6 orc wizards
  3 gnolls (D:5)
  10 adders
  A river rat (Sewer)
  3 shadow imps
  A white imp (D:7)
  2 ufetubi
  4 worms
  4 dart slugs
  12 orcs
  8 ball pythons
  4 endoplasms
  2 giant cockroaches
  4 goblins
  5 hobgoblins
  15 jackals
  16 kobolds
  4 quokkas
  2 bats
  A frilled lizard (D:2)
  A goblin skeleton (D:6)
  6 rats
143 creatures vanquished.

Notes
Turn   | Place    | Note
-------+----------+-------------------------------------------
     0 | D:1      | arseassassin2 the Barachi Ice Elementalist began the quest
                  | for the Orb.
     0 | D:1      | Reached XP level 1. HP: 13/13 MP: 3/3
   241 | D:1      | Reached skill level 5 in Ice Magic
   468 | D:1      | Reached XP level 2. HP: 19/19 MP: 2/5
   919 | D:1      | Found a faded altar of an unknown god.
   960 | D:1      | Reached XP level 3. HP: 24/24 MP: 1/7
  1280 | D:1      | Learned a level 3 spell: Frozen Ramparts
  1284 | D:1      | Learned a level 3 spell: Ozocubu's Armour
  1749 | D:2      | Found a shimmering altar of Xom.
  2427 | D:2      | Reached XP level 4. HP: 30/30 MP: 6/9
  2558 | D:3      | Noticed Sigmund
  2700 | D:3      | Noticed Natasha
  2703 | D:3      | Killed Natasha
  2704 | D:3      | Reached skill level 6 in Ice Magic
  3142 | D:3      | Reached XP level 5. HP: 35/35 MP: 5/10
  3235 | D:3      | Noticed Natasha
  3241 | D:3      | Killed Natasha
  3632 | D:4      | Reached skill level 1 in Ranged Weapons
  3828 | D:4      | Found a glowing drain.
  3867 | Sewer    | Entered a sewer
  3933 | Sewer    | Noticed a kobold brigand
  3935 | Sewer    | Noticed a kobold brigand
  3956 | Sewer    | Killed a kobold brigand
  3957 | Sewer    | Reached skill level 7 in Ice Magic
  3957 | Sewer    | Reached XP level 6. HP: 35/41 MP: 2/12
  4241 | Sewer    | Found a white marble altar of Elyvilon.
  4243 | Sewer    | Became a worshipper of Elyvilon the Healer
  4463 | D:4      | Found a staircase to the Ecumenical Temple.
  4473 | Temple   | Entered the Ecumenical Temple
  4535 | Temple   | Fell from the grace of Elyvilon
  4535 | Temple   | Became a worshipper of Uskayaw the Reveller
  4650 | D:4      | Reached * piety under Uskayaw
  4653 | D:4      | Reached ** piety under Uskayaw
  4944 | D:4      | Reached XP level 7. HP: 39/46 MP: 9/13
  5003 | D:5      | Entered Level 5 of the Dungeon
  5013 | D:5      | Reached *** piety under Uskayaw
  5016 | D:5      | Reached skill level 8 in Ice Magic
  5018 | D:5      | Reached **** piety under Uskayaw
  5385 | D:5      | Reached skill level 1 in Invocations
  5558 | D:5      | Reached XP level 8. HP: 29/52 MP: 5/14
  5797 | D:5      | Noticed Ijyb
  5818 | D:5      | Killed Ijyb
  6467 | D:6      | Reached skill level 9 in Ice Magic
  6471 | D:6      | Reached skill level 5 in Ranged Weapons
  6744 | D:6      | Found a runed translucent door.
  6753 | D:6      | Found a basalt altar of Yredelemnul.
  6962 | D:6      | Found a sparkling altar of Nemelex Xobeh.
  7570 | D:7      | Noticed a wyvern
  7582 | D:7      | Killed a wyvern
  7583 | D:7      | Reached skill level 10 in Ice Magic
  7583 | D:7      | Reached XP level 9. HP: 56/57 MP: 7/15
  8175 | D:7      | Found a shadowy altar of Dithmenos.
  8178 | D:7      | Found an iron altar of Okawaru.
  8609 | D:7      | You fall into a shaft and drop 1 floor!
  8953 | D:8      | Identified 6 scrolls of acquirement
  8954 | D:8      | Acquired the Meditations on the Wayfarer and Bewitchment
  9122 | D:7      | Found a burning altar of Makhleb.
  9167 | D:7      | Noticed Maggie
  9189 | D:7      | Mangled by Maggie

Illustrated notes

Levels and vault maps discovered:
D:1:      minmay_arrival_open_corners, layout_rooms,
          hellmonk_ecumenical_altar_zigzags, minivault_19, lemuel_another_geyser
D:2:      layout_loops_corners, basic_altar, minmay_tetromino_o2
D:3:      layout_loops_corners, uniq_natasha, uniq_sigmund
D:4:      layout_gridville, minmay_temple_entry_glass,
          cheibrodos_sewer_entry_sluice
D:5:      layout_rooms, uniq_ijyb
D:6:      layout_gridville, dk_yredelemnul_ordeal, nemelex_dance_club_becter
D:7:      layout_basic, kennysheep_little_box, nicolae_overflow_squiral,
          serial_demonic, serial_demonic_g, serial_demonic_g, serial_demonic_g,
          serial_demonic_g, uniq_maggie
D:8:      wander_kiku_kobolds, layout_basic, serial_undead, serial_undead_c,
          serial_undead_f, serial_undead_e, serial_undead_d
Temple:   bh_familiar_temple

Skill      XL: |  1  2  3  4  5  6  7  8 |
---------------+-------------------------+-----
Ice Magic      | 5 6 7 8 10 | 10.4
Spellcasting   | 3 4 |  4.1
Ranged Weapons | 2 3 4 6 |  6.6
Invocations    | 2 4 |  4.8
Dodging        | |  2.1
Stealth        | |  1.7

Action                   |  1- 3 |  4- 6 |  7- 9 || total
-------------------------+-------+-------+-------++-------
Melee: Unarmed           |    16 |       |       ||    16
       Punch             |     1 |       |     2 ||     3
       Dagger            |     4 |     6 |    56 ||    66
       Falchion          |       |    11 |    24 ||    35
       Sling             |       |       |     1 ||     1
 Fire: Sling             |       |   124 |   183 ||   307
 Cast: Freeze            |    54 |     8 |    17 ||    79
       Frozen Ramparts   |     2 |    20 |    33 ||    55
       Ozocubu's Armour  |       |     2 |    14 ||    16
Invok: Stomp             |       |       |     6 ||     6
 Abil: Hop               |       |     2 |     4 ||     6
  Use: Scroll            |       |       |     2 ||     2
 Stab: Paralysed         |       |       |     2 ||     2
Armor: Skin              |    13 |       |       ||    13
       Ring mail         |     6 |    29 |   121 ||   156
Dodge: Dodged            |    27 |    34 |   121 ||   182

Table legend: (Time is in decaauts)
 A = Elapsed time spent in this place.
 B = Non-inter-level travel time spent in this place.
 C = Inter-level travel time spent in this place.
 D = Time resting spent in this place.
 E = Time spent auto-exploring this place.
 F = Levels seen in this place.
 G = Mean time per level.
                   A        B        C        D        E       F      G
               +--------+--------+--------+--------+--------+-----+--------+
         Total |  10236 |   9712 |    524 |   3627 |   4062 |  10 | 1023.6 |
       Dungeon |   9682 |   9203 |    479 |   3415 |   3909 |   8 | 1210.2 |
        Temple |    102 |     58 |     44 |      0 |     51 |   1 |  102.0 |
         Sewer |    451 |    451 |      0 |    212 |    102 |   1 |  451.0 |
               +--------+--------+--------+--------+--------+-----+--------+

Top non-repeatable levels by time:
     D:2: 1515 daAuts
     D:1: 1492 daAuts
     D:6: 1320 daAuts
     D:4: 1265 daAuts
     D:5: 1214 daAuts
     D:7: 1189 daAuts
     D:3: 1138 daAuts
     D:8: 546 daAuts
   Sewer: 451 daAuts
  Temple: 102 daAuts
